 Dungeon Crawl Stone Soup version 0.17-a0-1-g1f4be75 (webtiles) character file.

86 Malachi the Charmwright (level 4, -6/30 HPs)
             Began as a High Elf Skald on Mar 7, 2015.
             Mangled by a goblin
             ... wielding a +0 quarterstaff
              (9 damage)
             ... on level 3 of the Dungeon.
             The game lasted 00:05:45 (3006 turns).

Malachi the Charmwright (High Elf Skald)            Turns: 3006, Time: 00:05:45

Health: -6/30      AC:  3    Str: 11    XL:     4   Next: 26%
Magic:  11/11      EV: 12    Int: 17    God:
Gold:   187        SH:  0    Dex: 14    Spells: 3 memorised, 3 levels left

rFire  . . .     SeeInvis +     x - +0 long sword
rCold  . . .     Clarity  .     b - +0 leather armour
rNeg   . . .     SustAb   .     (no shield)
rPois  .         Gourm    .     (no helmet)
rElec  .         Spirit   .     (no cloak)
rCorr  .         Warding  .     (no gloves)
rMut   .         Stasis   .     (no boots)
MR     .....                    (no amulet)
Stlth  +.........               (no ring)
                                p - ring of see invisible

@: singing, not resistant to hostile enchantments, very unstealthy
A: no striking features
a: Stop Singing


You were on level 3 of the Dungeon.
You were hungry.

You visited 1 branch of the dungeon, and saw 3 of its levels.

You collected 187 gold pieces.

Inventory:

Hand weapons
 a - a +0 falchion
 t - a +0 blowgun
 x - a +0 long sword (weapon)
Missiles
 f - 13 bolts
 j - 8 steel javelins (quivered)
 l - 14 poisoned needles
 B - 2 tomahawks of returning
Armour
 b - a +0 leather armour (worn)
 m - a +0 scale mail
 y - a +0 shield
Jewellery
 p - a ring of see invisible (left hand)
Magical devices
 r - a wand of flame (13)
 u - a wand of polymorph (9)
Scrolls
 e - 2 scrolls of teleportation {unknown}
 g - a scroll of enchant armour {unknown}
 i - a scroll of enchant weapon {unknown}
 n - 4 scrolls of remove curse {unknown}
 o - a scroll of amnesia {unknown}
 q - a scroll of fog {unknown}
 s - a scroll of immolation {unknown}
 v - a scroll of noise {unknown}
 w - a scroll of identify {unknown}
 A - a scroll of recharging {unknown}
 D - a scroll of random uselessness {unknown}
Potions
 h - a potion of might {unknown}
 z - a potion of heal wounds {unknown}
Books
 c - a book of Battle

   Spells                             Type                      Level
   a - Infusion                       Charms                       1
   b - Shroud of Golubria             Charms/Translocation         2
   c - Song of Slaying                Charms                       2
   d - Spectral Weapon                Hexes/Charms                 3
   e - Regeneration                   Charms/Necromancy            3
Comestibles
 d - 3 bread rations
 k - 3 meat rations
 C - a beef jerky
 E - a chunk of flesh


   Skills:
 + Level 2.4 Fighting
 + Level 2.8 Long Blades
 + Level 1.4 Armour
 + Level 2.5 Dodging
 + Level 2.9 Spellcasting
 + Level 4.3 Charms
 + Level 0.2 Translocations


You had 3 spell levels left.
You knew the following spells:

 Your Spells              Type           Power        Failure   Level  Hunger
a - Infusion              Chrm           ###...       4%          1    None
b - Shroud of Golubria    Chrm/Tloc      ##........   14%         2    ##.....
s - Song of Slaying       Chrm           ###.....     8%          2    ##.....


Dungeon Overview and Level Annotations

Branches:
Dungeon (3/15)

Altars:
Makhleb
Okawaru

Annotations:
D:3 Robin


Message History

You hit the hobgoblin.
The hobgoblin is severely wounded.
Robin throws the goblin at you! The goblin barely misses you.
The hobgoblin hits you but does no damage.
You hit the hobgoblin.
The hobgoblin is almost dead.
The goblin hits you but does no damage. The hobgoblin hits you with a club.
You hit the hobgoblin.
You kill the hobgoblin!
The goblin barely misses you. The goblin hits you with a dagger.
You see here a glowing dagger.
You completely miss the goblin. The goblin closely misses you.
You slash the goblin!
You kill the goblin!
The goblin hits you with a quarterstaff!
* * * LOW HITPOINT WARNING * * *
You barely miss the goblin.
The goblin hits you with a quarterstaff!
You die...

##### #...# #.#@# #
###########.#g#.######
#...........#ggggg....
##.#>############g#...#.
#.###.........


gg. .# #.#.######### #... #.## .... #.# #. #.# You could see Robin, a hobgoblin
(frenzied) and 4 goblins.

Vanquished Creatures
  2 adders (D:3)
  A giant mite (D:2)
  5 orcs (D:3)
  A ball python (D:3)
  10 bats
  2 giant cockroaches (D:2)
  7 goblins
  10 hobgoblins
  5 kobolds
  2 quokkas
  A giant newt (D:1)
  5 rats
51 creatures vanquished.

Notes
Turn   | Place    | Note
--------------------------------------------------------------
     0 | D:1      | Malachi, the High Elf Skald, began the quest for the Orb.
     0 | D:1      | Reached XP level 1. HP: 14/14 MP: 4/4
   603 | D:1      | Reached skill level 1 in Armour
   630 | D:1      | Reached XP level 2. HP: 16/19 MP: 4/6
   890 | D:2      | Reached skill level 4 in Charms
  1031 | D:2      | Learned a level 2 spell: Song of Slaying
  1277 | D:2      | Reached XP level 3. HP: 24/24 MP: 8/8
  1498 | D:2      | Learned a level 2 spell: Shroud of Golubria
  2382 | D:3      | Found a burning altar of Makhleb.
  2389 | D:3      | Found an iron altar of Okawaru.
  2482 | D:3      | Reached XP level 4. HP: 8/30 MP: 2/11
  2990 | D:3      | Noticed Robin
  3006 | D:3      | Mangled by a goblin

Action                   |  1- 3 |  4- 6 || total
-------------------------+-------+-------++-------
Melee: Falchion          |    73 |       ||    73
       Long sword        |    58 |    27 ||    85
Throw: Javelin           |     1 |     4 ||     5
 Cast: Infusion          |    13 |     2 ||    15
       Song of Slaying   |     3 |     1 ||     4
       Shroud of Golubri |     1 |     1 ||     2
  Use: Potion            |     4 |       ||     4
  Eat: Chunk             |     2 |       ||     2
       Bread ration      |     1 |       ||     1
